 Dungeon Crawl Stone Soup version 0.25-a0-940-gc6eaff51cc (webtiles) character file.

4793 Lochraine the Conjurer (level 10, -3/56 HPs)
             Began as a Deep Elf Wizard on July 31, 2018.
             Was a Believer of Sif Muna.
             Slain by a cyan ugly thing (14 damage)
             ... on level 11 of the Dungeon on May 5, 2020.
             The game lasted 01:06:36 (13777 turns).

Lochraine the Conjurer (Deep Elf Wizard)           Turns: 13777, Time: 01:06:36

Health: -3/56      AC:  9    Str:  4    XL:     10   Next: 24%
Magic:  18/23      EV: 12    Int: 27    God:    Sif Muna [**....]
Gold:   456        SH:  0    Dex: 13    Spells: 13/24 levels left

rFire    . . .     SeeInvis .   a - +1 dagger (venom)
rCold    . . .     Gourm    .   (no shield)
rNeg     . . .     Faith    .   E - +0 acid dragon scales
rPois    +         Spirit   .   o - +1 hat
rElec    .         Reflect  .   v - scarf {repulsion}
rCorr    +         Harm     .   x - +0 pair of gloves
MR       ++...                  y - +0 pair of boots
Stlth    +++.......             (no amulet)
HPRegen  0.18/turn              l - ring of protection from magic
MPRegen  0.18/turn              k - ring of poison resistance

@: hasted, repel missiles, very quick
A: no striking features
a: Channel Magic, Renounce Religion


You were on level 11 of the Dungeon.
You worshipped Sif Muna.
Sif Muna was pleased with you.
You were not hungry.

You visited 2 branches of the dungeon, and saw 12 of its levels.

You collected 456 gold pieces.

Inventory:

Hand Weapons
 a - a +1 dagger of venom (weapon)
   (You took it off a goblin on level 3 of the Dungeon)
Missiles
 B - 2 throwing nets (quivered) {!f}
Armour
 e - a +0 robe
 o - a +1 hat (worn)
   (You found it on level 2 of the Dungeon)
 v - a scarf of repulsion (worn)
   (You found it on level 4 of the Dungeon)
 x - a +0 pair of gloves (worn)
   (You found it on level 5 of the Dungeon)
 y - a +0 pair of boots (worn)
   (You found it on level 5 of the Dungeon)
 E - +0 acid dragon scales (worn)
   (You took it off Maggie on level 7 of the Dungeon)
Magical Staves
 b - an uncursed staff of wizardry
   (You found it on level 5 of the Dungeon)
Jewellery
 k - a ring of poison resistance (right hand)
   (You found it on level 5 of the Dungeon)
 l - a ring of protection from magic (left hand)
   (You found it on level 1 of the Dungeon)
 m - an uncursed ring of positive energy
   (You found it on level 2 of the Dungeon)
 s - an uncursed ring of protection from magic
   (You found it on level 3 of the Dungeon)
 z - an uncursed ring of ice
   (You found it on level 6 of the Dungeon)
 L - an uncursed ring of protection from magic
   (You found it on level 9 of the Dungeon)
 N - an uncursed ring of magical power {unknown}
   (You found it on level 9 of the Dungeon)
Wands
 d - a wand of iceblast (7)
   (You found it on level 7 of the Dungeon)
 O - a wand of enslavement (8)
   (You found it on level 10 of the Dungeon)
Scrolls
 c - a scroll of magic mapping {unknown}
 f - 5 scrolls of identify {@r1}
 h - 5 scrolls of remove curse {@r2}
 i - a scroll of blinking
 p - a scroll of enchant weapon
 w - 2 scrolls of fog
 D - a scroll of brand weapon {unknown}
 I - a scroll of fear
 J - a scroll of enchant armour
 K - 2 scrolls of teleportation {@r4}
Potions
 g - 4 potions of stabbing
 j - a potion of lignification {unknown}
 n - a potion of berserk rage {unknown}
 q - 2 potions of brilliance {unknown}
 r - a potion of haste {@q3}
 t - 3 potions of curing {unknown}
 u - 2 potions of cancellation {unknown}
 A - 3 potions of resistance {unknown}
 C - a potion of might {unknown}
 G - 2 potions of mutation {unknown}
 H - a potion of heal wounds {@q2}
Comestibles
 F - 13 rations
 M - 2 chunks of flesh


   Skills:
 - Level 4.0 Fighting
 - Level 5.9 Dodging
 - Level 5.2 Stealth
 + Level 7.6 Spellcasting
 - Level 7.9 Conjurations
 - Level 5.9 Summonings
 - Level 1.1 Translocations
 - Level 5.2 Air Magic
 - Level 5.7 Poison Magic
 + Level 2.2 Invocations


You had 13 spell levels left.
You knew the following spells:

 Your Spells              Type           Power        Failure   Level  Hunger
a - Magic Dart            Conj           ####         1%          1    None
b - Blink                 Tloc           N/A          13%         2    None
c - Call Imp              Summ           #####...     1%          2    None
d - Conjure Flame         Conj/Fire      ####....     8%          3    None
e - Mephitic Cloud        Conj/Pois/Air  #####...     3%          3    None

Your spell library contained the following spells:

 Spells                   Type           Power        Failure   Level  Hunger
 Slow                     Hex            ##......     21%         2    None


Dungeon Overview and Level Annotations

Branches:
Dungeon (11/15)            Temple (1/1) D:7             Orc (0/2) D:10
   Lair: D:8-11

Altars:
Ashenzari
Cheibriados
Dithmenos
Elyvilon
Fedhas
Gozag
Hepliaklqana
Kikubaaqudgha
Makhleb
Nemelex Xobeh
Okawaru
Qazlal
Ru
Sif Muna
Trog
Uskayaw
Vehumet
Wu Jian
Xom
Yredelemnul
Zin
The Shining One
Beogh

Annotations:
D:7 3 runed translucent doors, EnegeticOcto's ghost, novice OpFi; Harold


Message History

Sif Muna accepts your kill.
You don't know that spell.
Unknown command.
Unknown command.
You butcher the bullfrog corpse.
M - a chunk of flesh You see here a bullfrog skeleton. x2
Found a stone staircase leading down.
An adder comes into view.
Found a scroll of fog and a scroll of identify.
Aim: an adder (resting)
The magic dart hits the adder but does no damage.
The adder hisses angrily.
Aim: an adder The magic dart hits the adder.
Aim: an adder (severely wounded)
The magic dart hits the adder.
You kill the adder!
Sif Muna accepts your kill.
You butcher the adder corpse.
M - 2 chunks of flesh (gained 1)
You see here an adder skeleton. x2
w - 2 scrolls of fog (gained 1)
A cyan ugly thing comes into view.
Found a scroll of teleportation.
You see here a scroll of identify {@r1}.
f - 5 scrolls of identify {@r1} (gained 1)
The cyan ugly thing gurgles horribly!
You see here an adder skeleton.
The fire begins to smolder!
The fire ignites!
Aim: a cyan ugly thing The magic dart hits the cyan ugly thing.
Aim: a cyan ugly thing (flame, lightly wounded)
The magic dart hits the cyan ugly thing.
The cyan ugly thing is engulfed in blazing flames.
The cyan ugly thing punches you. The cyan ugly thing shocks you!
Aim: a cyan ugly thing (flame, moderately wounded)
The magic dart hits the cyan ugly thing.
An orc warrior comes into view.
It is wielding a +0 trident and wearing a +1 chain mail of cold resistance.
The cyan ugly thing is engulfed in blazing flames.
The cyan ugly thing punches you! The cyan ugly thing shocks you!
* * * LOW HITPOINT WARNING * * *
The cyan ugly thing is engulfed in blazing flames.
An orc comes into view. It is wielding a +0 flail.
Okay, then.
You feel yourself speed up. The cyan ugly thing punches you.
* * * LOW HITPOINT WARNING * * *
The cyan ugly thing shocks you!
You die...

...^......o..##..
.............##.#
.............##.#
..........÷...#.#
............#§#.#
............#.#.#
.........##.#...#
.........##.##.u###
......#####.....@.#
##.... #####.#.#
#.... #>#.# #....
#.#.# #.#.# #.#÷# #
#.#.# #.##
#.#.#######.....
#.............


You could see a cyan ugly thing.

Vanquished Creatures
  Pikel (D:9)
  Maggie (D:7)
  2 centaur skeletons (D:10)
  Grinder (D:3)
  A hippogriff (D:7)
  Sigmund (D:3)
  A hungry ghost (D:9)
  Edmund (D:4)
  3 orc warriors
  2 ice beasts
  2 black bears
  A sky beast (D:7)
  3 ogres
  5 centaurs
  A big kobold (D:8)
  4 bullfrogs
  A scorpion (D:6)
  4 killer bees
  2 centaur zombies
  5 crimson imps
  A bullfrog zombie (D:5)
  A hound (D:7)
  A jelly (D:8)
  6 orc wizards
  4 orc priests
  A gnoll shaman (D:6)
  A bullfrog skeleton (D:4)
  3 iguanas
  4 worker ants
  2 killer bee zombies
  2 hound skeletons (D:9)
  A worker ant zombie (D:8)
  Robin (D:3)
  2 gnolls (D:6)
  14 adders
  2 shadow imps
  2 adder skeletons
  4 worms
  3 dart slugs
  4 leopard geckos
  38 orcs
  4 bats
  2 giant cockroaches (D:2)
  16 goblins
  12 hobgoblins
  13 jackals
  4 quokkas
  5 frilled lizards
  12 kobolds
  A leopard gecko skeleton (D:4)
  A leopard gecko zombie (D:8)
  5 rats
  A spectral orc (D:6)
215 creatures vanquished.

Vanquished Creatures (collateral kills)
  Eustachio (D:4)
  An ogre (D:5)
  An orc priest (D:4)
  Natasha (thrice) (D:2)
  A worker ant (D:5)
  A gnoll (D:6)
  A worm (D:4)
  An orc (D:5)
  A ball python (D:4)
  2 goblins (D:3)
  A bat (D:3)
  A leopard gecko skeleton (D:4)
15 creatures vanquished.

Vanquished Creatures (others)
  2 slaves (D:9)
  2 orc wizards (D:9)
  A ball python (D:9)
5 creatures vanquished.

Grand Total: 235 creatures vanquished

Notes
Turn   | Place    | Note
-------+----------+-------------------------------------------
     0 | D:1      | Lochraine the Deep Elf Wizard began the quest for the Orb.
     0 | D:1      | Reached XP level 1. HP: 10/10 MP: 7/7
   298 | D:1      | Reached XP level 2. HP: 15/15 MP: 7/9
  1004 | D:1      | Learned a level 2 spell: Blink
  1007 | D:1      | Learned a level 2 spell: Call Imp
  1055 | D:2      | Reached XP level 3. HP: 19/19 MP: 1/11
  1168 | D:2      | Noticed Natasha
  1177 | D:2      | Killed Natasha
  1446 | D:2      | Noticed Natasha
  1455 | D:2      | Killed Natasha
  1455 | D:2      | Reached skill level 5 in Spellcasting
  1455 | D:2      | Reached XP level 4. HP: 16/24 MP: 0/13
  1460 | D:2      | Learned a level 3 spell: Conjure Flame
  1498 | D:2      | Noticed Natasha
  1505 | D:2      | Killed Natasha
  1584 | D:2      | Learned a level 3 spell: Mephitic Cloud
  1734 | D:2      | Reached skill level 1 in Poison Magic
  1734 | D:2      | Reached XP level 5. HP: 28/28 MP: 6/14
  1915 | D:2      | Reached skill level 1 in Air Magic
  2420 | D:3      | Noticed Sigmund
  2437 | D:3      | Killed Sigmund
  2437 | D:3      | Reached XP level 6. HP: 32/32 MP: 1/15
  2658 | D:3      | Found a shadowy altar of Dithmenos.
  2687 | D:3      | Noticed Robin
  2764 | D:3      | Killed Robin
  3009 | D:3      | Found a stormy altar of Qazlal.
  3032 | D:3      | Noticed Grinder
  3072 | D:3      | Found an iron altar of Okawaru.
  3080 | D:3      | Upgraded the game from 0.23-a0-4-g8f018a2 to
                  | 0.23-a0-29-g1be82e5
  3109 | D:3      | Killed Grinder
  3109 | D:3      | Reached XP level 7. HP: 28/36 MP: 2/16
  3359 | D:4      | Noticed Edmund
  3548 | D:4      | Noticed Eustachio
  3561 | D:4      | Killed Eustachio
  3561 | D:4      | Reached skill level 5 in Conjurations
  3895 | D:4      | Killed Edmund
  4832 | D:5      | Entered Level 5 of the Dungeon
  5079 | D:5      | Reached XP level 8. HP: 41/41 MP: 8/17
  5786 | D:5      | Reached skill level 5 in Summonings
  6335 | D:6      | Reached skill level 5 in Poison Magic
  6349 | D:6      | Upgraded the game from 0.23-a0-29-g1be82e5 to
                  | 0.25-a0-937-gcfae464cf3
  6823 | D:6      | Reached skill level 5 in Air Magic
  6993 | D:6      | Found a basalt altar of Yredelemnul.
  8245 | D:7      | Noticed Harold
  8321 | D:6      | Reached XP level 9. HP: 41/45 MP: 11/18
  8618 | D:7      | Found a runed translucent gate.
  8618 | D:7      | Found a runed translucent gate.
  8620 | D:7      | Found a runed translucent gate.
  8623 | D:7      | Noticed EnegeticOcto's ghost (novice OpFi)
  8701 | D:7      | Noticed Maggie
  8770 | D:7      | Killed Maggie
  8770 | D:7      | Reached skill level 1 in Fighting
  8941 | D:8      | Found a shimmering blue altar of Sif Muna.
  9175 | D:7      | Found a staircase to the Ecumenical Temple.
  9193 | Temple   | Entered the Ecumenical Temple
  9409 | Temple   | Became a worshipper of Sif Muna the Loreminder
  9619 | D:7      | Found a sparkling altar of Nemelex Xobeh.
 10392 | D:7      | Upgraded the game from 0.25-a0-937-gcfae464cf3 to
                  | 0.25-a0-940-gc6eaff51cc
 10574 | D:7      | Reached * piety under Sif Muna
 11574 | D:9      | Found a glowing golden altar of the Shining One.
 11586 | D:9      | Found a sacrificial altar of Ru.
 11586 | D:9      | Noticed Pikel
 11600 | D:9      | Killed Pikel
 11600 | D:9      | Reached skill level 5 in Dodging
 11970 | D:10     | Entered Level 10 of the Dungeon
 12219 | D:9      | Reached skill level 5 in Stealth
 12219 | D:9      | Reached XP level 10. HP: 43/56 MP: 8/22
 12688 | D:10     | Reached skill level 1 in Invocations
 12987 | D:10     | Reached ** piety under Sif Muna
 13400 | D:10     | Found a staircase to the Orcish Mines.
 13430 | D:10     | Found a roughly hewn altar of Beogh.
 13760 | D:11     | Noticed a cyan ugly thing
 13777 | D:11     | Slain by a cyan ugly thing

Levels and vault maps discovered:
D:1:      minmay_arrival_hallway, serial_forest, infiniplex_forest_clump_double,
          infiniplex_forest_straight_5, infiniplex_forest_straight_4,
          infiniplex_forest_zigzag_1, infiniplex_forest_corner_1
D:2:      kennysheep_generic_room_2, uniq_natasha
D:3:      okawaru_gym_becter, grunt_qazlal_sundering,
          grunt_dithmenos_smoke_and_mirrors, uniq_robin, uniq_sigmund,
          uniq_grinder
D:4:      bh_walls_and_bars, uniq_edmund, uniq_eustachio
D:5:      first_ration
D:6:      yredelemnul_forgotten_temple_becter
D:7:      layout_basic, nemelex_xobeh_ov_fountains_minmay,
          minmay_temple_entry_statues_fountains, gammafunk_ghost_necromancy,
          hangedman_decor_riveting, uniq_harold, uniq_maggie
D:8:      layout_cave_pools, basic_altar
D:9:      layout_basic, nicolae_ru_great_annihilating_truth, basic_altar,
          uniq_pikel
D:10:     layout_loops_ring, minmay_orc_entry_temple_small,
          hangedman_little_slice_of_home
D:11:     kennysheep_ambush_hall, layout_basic, lair_entry_dummy, serial_shops,
          shop_fountains
Temple:   minmay_crystal_spiral_temple

Skill      XL: |  1  2  3  4  5  6  7  8  9 10 |
---------------+-------------------------------+-----
Conjurations   | 2 3 4 5 6 7 |  7.9
Stealth        | 3 5 |  5.2
Spellcasting   | 5 7 |  7.6
Poison Magic   | 1 2 3 4 5 |  5.7
Air Magic      | 2 3 5 |  5.2
Summonings     | 2 3 4 5 |  5.9
Fighting       | 3 4 |  4.0
Dodging        | 5 |  5.9
Invocations    | 2 |  2.2
Translocations | |  1.1

Action                   |  1- 3 |  4- 6 |  7- 9 | 10-12 || total
-------------------------+-------+-------+-------+-------++-------
Melee: Unarmed           |       |    35 |       |       ||    35
       Dagger            |       |    26 |    82 |     8 ||   116
 Cast: Magic Dart        |    88 |    75 |   454 |    97 ||   714
       Call Imp          |     5 |     8 |    42 |     8 ||    63
       Mephitic Cloud    |       |     6 |    29 |     2 ||    37
       Conjure Flame     |       |     4 |     8 |     1 ||    13
       Blink             |       |     2 |     8 |       ||    10
Evoke: Wand              |       |       |     3 |       ||     3
  Use: Scroll            |       |     3 |    15 |       ||    18
       Potion            |       |       |     3 |     2 ||     5
 Stab: Confused          |       |     2 |     3 |       ||     5
       Sleeping          |       |     1 |     2 |       ||     3
       Distracted        |       |     1 |       |       ||     1
  Eat: Chunk             |     1 |     6 |    14 |     5 ||    26
       Ration            |       |       |     4 |     1 ||     5
Armor: Robe              |     3 |    20 |    19 |       ||    42
       Acid dragon scale |       |       |    57 |    41 ||    98
Dodge: Dodged            |    14 |    53 |   173 |    43 ||   283
       Repelled          |       |       |    12 |     7 ||    19

Table legend:
 A = Non-vault XP
 B = Vault XP
 C = Vault XP percentage of total XP
 D = Non-vault monster count
 E = Vault monster count
 F = Vault count percentage of total count
                 A         B        C        D         E       F
            +---------+---------+-------+---------+---------+-------
      Total |    5918 |     930 |  13.6 |     220 |      10 |   4.3
            +---------+---------+-------+---------+---------+-------
        D:1 |      35 |       0 |   0.0 |      20 |       0 |   0.0
        D:2 |     188 |       0 |   0.0 |      21 |       0 |   0.0
        D:3 |     614 |       0 |   0.0 |      44 |       0 |   0.0
        D:4 |     485 |       0 |   0.0 |      14 |       0 |   0.0
        D:5 |     698 |       0 |   0.0 |      20 |       0 |   0.0
        D:6 |     851 |       1 |   0.1 |      30 |       1 |   3.2
        D:7 |     988 |     395 |  28.6 |      28 |       1 |   3.4
        D:8 |     453 |       0 |   0.0 |      14 |       0 |   0.0
        D:9 |     578 |     468 |  44.7 |      12 |       4 |  25.0
       D:10 |     927 |      66 |   6.6 |      15 |       4 |  21.1
       D:11 |     101 |       0 |   0.0 |       2 |       0 |   0.0
            +---------+---------+-------+---------+---------+-------
